 Dungeon Crawl Stone Soup version 0.31.0-11-ge490571c62 (webtiles) character file.

Game seed: 7350187087427629528

1612 hawla the Cutter (level 8, 0/66 HPs)
             Began as a Pale Draconian Conjurer on Jan 28, 2024.
             Succumbed to Duvessa's poison
             ... on level 5 of the Dungeon.
             The game lasted 00:20:45 (5466 turns).

hawla the Cutter (Pale Draconian Conjurer)          Turns: 5466, Time: 00:20:45

Health: 0/66       AC: 12    Str: 11    XL:     8   Next: 63%
Magic:  28/32      EV: 12    Int: 21    God:
Gold:   5          SH:  0    Dex: 10    Spells: 8/15 levels left

rFire   . . .        f - +5 rapier of the Known World {pain, rC+ MP+9 Str+2}
rCold   + . .        (no shield)
rNeg    . . .        (body armour unavailable)
rPois   .            (helmet restricted)
rElec   .            (no cloak)
rCorr   .            g - +0 pair of gloves
SInv    .            c - +0 pair of boots
Will    .....        (no amulet)
Stlth   ++           o - +4 ring of protection
HPRegen 1.11/turn    j - ring of magical power
MPRegen 0.23/turn

%: no passive effects
@: lethally poisoned (0 -> -5), invisible
A: breathe steam, AC +6, unfitting armour, cold-blooded, steam resistance,
regeneration 1
a: Breathe Steam


You were on level 5 of the Dungeon.
You visited 1 branch of the dungeon, and saw 5 of its levels.

You collected 205 gold pieces.
You spent 200 gold pieces at shops.

Inventory:

Hand Weapons
 f - the +5 rapier of the Known World (weapon) {pain, rC+ MP+9 Str+2}
   (You acquired it on level 4 of the Dungeon)

   Str+2:     It affects your strength (+2).
   rC+:       It protects you from cold.
   MP+9:      It affects your magic capacity (+9).
Armour
 c - a +0 pair of boots (worn)
 g - a +0 pair of gloves (worn)
Magical Staves
 t - a staff of cold
Jewellery
 j - a ring of magical power (right hand)
 o - a +4 ring of protection (left hand)
Scrolls
 e - 2 scrolls of identify
 h - 3 scrolls of amnesia
 k - a scroll of enchant armour {unknown}
 q - a scroll of fear
 s - a scroll of immolation {unknown}
 u - a scroll of revelation {unknown}
Potions
 a - 3 potions of magic


   Skills:
 - Level 3.8 Fighting
 + Level 6.6 Short Blades
 - Level 1.8 Staves
 - Level 1.7 Dodging
 - Level 1.7 Stealth
 - Level 4.0 Spellcasting
 - Level 4.0 Conjurations
 - Level 2.0 Necromancy
 - Level 4.0 Translocations
 - Level 4.0 Alchemy


You had 8 spell levels left.
You knew the following spells:

 Your Spells              Type           Power      Damage    Failure   Level
a - Magic Dart            Conj           84%        1d7       2%          1
b - Searing Ray           Conj           42%        2d6       3%          2
c - Iskenderun's Mystic   Conj/Tloc      21%        2d6       22%         4

Your spell library contained the following spells:

 Spells                   Type           Power      Damage    Failure   Level
 Stone Arrow              Conj/Erth      24%        3d8       16%         3
 Fulminant Prism          Conj/Alch      10%        3d8       22%         4
 Olgreb's Toxic Radiance  Alch           21%        N/A       22%         4
 Ozocubu's Refrigeration  Ice            2%         4d7       100%        7
 Discord                  Hex            2%         N/A       100%        8
 Lehudib's Crystal Spear  Conj/Erth      6%         10d3      100%        8
 Animate Armour           Summ/Erth      Unusable   N/A       N/A         4

Dungeon Overview and Level Annotations

Branches:
Dungeon (5/15)             Temple (0/1) D:4

Altars:

Shops:
D:1 =

Annotations:
D:4 1 runed translucent door, Crazy Yiuf
D:5 Duvessa


Innate Abilities, Weirdness & Mutations

You can breathe blasts of scalding, opaque steam.
Your pale cyan-grey scales are hard. (AC +6)
You cannot fit into any form of body armour.
You are cold-blooded and may be slowed by cold attacks.
You are immune to the effects of steam.
Your natural rate of healing is unusually fast.


Message History

(Press . to maintain the ray.) Duvessa hits you with a +4 rapier of venom!
You are poisoned.
Duvessa hits you with a +4 rapier of venom!
You are more poisoned.
The searing ray hits Duvessa.
Duvessa is heavily wounded.
You feel extremely sick.
Duvessa hits you with a +4 rapier of venom!
You are more poisoned.
The searing ray hits Duvessa but does no damage.
Duvessa is heavily wounded.
* * * LOW HITPOINT WARNING * * *
You feel extremely sick.
Duvessa hits you with a +4 rapier of venom!
* * * LOW HITPOINT WARNING * * *
You are more poisoned.
Duvessa closely misses you.
You feel better. Duvessa barely misses you.
Blink to where?
Press: ? - help, Dir - move target
As you read the scroll of blinking, it crumbles to dust.
Duvessa hits you with a +4 rapier of venom!
* * * LOW HITPOINT WARNING * * *
Blink to where?
Press: ? - help, Dir - move target
As you read the scroll of blinking, it crumbles to dust.
As you read the scroll of teleportation, it crumbles to dust.
You feel strangely unstable.
Your surroundings suddenly seem different.
As you read the scroll of fog, it dissolves into smoke.
It was a potion of invisibility.
You fade into invisibility!
Duvessa misses you.
Duvessa hits you with a +4 rapier of venom.
* * * LOW HITPOINT WARNING * * *
You are lethally poisoned!
It was a potion of mutation.
You feel extremely strange.
You feel robust.
You feel frail.
You begin to heal more quickly.
You die...

##.[........## ##......
..#####....######## ##.......
..........####### ##........
#............)...######.........
#..##............................
..##...................§.........
.##...................§§.........
###..................§§§.........
##..............@e..§§§§..e......
#...e...............§§§§§........
....................§§§§.........
....................§§§§.........
...................§§§....<.>....
....................§§...........
.......................)...###...
.........................<.# ###.
.......................##.## #.


You could see Duvessa (berserk, unable to see you).

Vanquished Creatures
  The ghost of becking the Chopper, a novice HOFi (D:4)
  Prince Ribbit (D:5)
  Eustachio (D:4)
  Edmund (D:5)
  2 ogres
  A centaur (D:5)
  A phantom (D:5)
  A kobold brigand (D:4)
  Dowan (D:5)
  2 hounds
  2 orc priests (D:3)
  A jelly (D:4)
  An iguana (D:5)
  An orc wizard (D:4)
  4 gnolls (D:4)
  7 adders
  A white imp (D:5)
  2 dart slugs (D:2)
  A ribbon worm (D:2)
  16 orcs
  5 endoplasms
  3 giant cockroaches
  11 goblins
  11 hobgoblins
  6 jackals
  2 quokkas
  6 ball pythons
  3 bats
  3 frilled lizards
  5 kobolds
  5 rats
108 creatures vanquished.

Notes
Turn   | Place    | Note
-------+----------+-------------------------------------------
     0 | D:1      | hawla the Draconian Conjurer began the quest for the Orb.
     0 | D:1      | Reached XP level 1. HP: 14/14 MP: 3/3
   141 | D:1      | Found a faded altar of an unknown god.
   174 | D:1      | Reached skill level 1 in Fighting
   246 | D:1      | Found Deokk's Jewellery Shoppe.
   312 | D:1      | Reached XP level 2. HP: 24/24 MP: 1/5
   520 | D:1      | Learned a level 2 spell: Searing Ray
   566 | D:1      | Found Orrimut's Antique Weapon Emporium.
  1335 | D:2      | Reached XP level 3. HP: 31/31 MP: 4/6
  1455 | D:2      | Identified the +2 helmet "Rone" {-Tele Dex+5 Stlth+}
  1839 | D:3      | Reached skill level 1 in Staves
  1839 | D:3      | Reached XP level 4. HP: 28/32 MP: 3/7
  1887 | D:3      | Learned a level 4 spell: Iskenderun's Mystic Blast
  2310 | D:3      | Reached skill level 1 in Translocations
  2313 | D:3      | HP: 1/36 [orc/+0 trident (4)]
  2497 | D:3      | Reached XP level 5. HP: 36/45 MP: 4/8
  2950 | D:4      | Identified a scroll of acquirement
  2950 | D:4      | Acquired the +5 rapier of the Known World {pain, rC+ MP+9
                  | Str+2}
  3101 | D:4      | Noticed Eustachio
  3116 | D:4      | Killed Eustachio
  3117 | D:4      | Reached XP level 6. HP: 28/52 MP: 11/11
  3415 | D:4      | Reached skill level 1 in Necromancy
  3440 | D:4      | Found a runed translucent door.
  3441 | D:4      | Noticed Crazy Yiuf
  3468 | D:4      | Reached skill level 1 in Short Blades
  3468 | D:4      | Your scales start taking on a pale cyan-grey colour.
  3468 | D:4      | Reached XP level 7. HP: 33/58 MP: 13/13
  3468 | D:4      | Gained mutation: You are immune to the effects of steam.
                  | [Pale Draconian growth]
  3569 | D:4      | Found a runed translucent door.
  3647 | D:4      | Found a staircase to the Ecumenical Temple.
  3772 | D:4      | Noticed becking's ghost (novice HOFi)
  3889 | D:5      | Entered Level 5 of the Dungeon
  4006 | D:5      | Noticed Prince Ribbit
  4026 | D:5      | Killed Prince Ribbit
  4027 | D:5      | Reached skill level 3 in Short Blades
  4278 | D:5      | Reached skill level 4 in Short Blades
  4476 | D:5      | Noticed Duvessa
  4476 | D:5      | Noticed Edmund
  4477 | D:5      | Noticed Dowan
  4721 | D:5      | Reached skill level 1 in Alchemy
  4766 | D:4      | Reached XP level 8. HP: 47/66 MP: 14/14
  5077 | D:5      | Killed Edmund
  5251 | D:4      | Killed becking's ghost
  5252 | D:4      | Reached skill level 6 in Short Blades
  5349 | D:1      | Bought a ring of magical power for 200 gold pieces
  5449 | D:5      | Killed Dowan
  5451 | D:5      | HP: 1/66 [Duvessa/+4 rapier of venom (17)]
  5465 | D:5      | HP: 2/66 [Duvessa/+4 rapier of venom (3)]
  5466 | D:5      | Gained mutation: You are robust. (+10% HP) [potion of
                  | mutation]
  5466 | D:5      | Lost mutation: You are robust. (+10% HP) [potion of
                  | mutation]
  5466 | D:5      | Gained mutation: Your natural rate of healing is unusually
                  | fast. [potion of mutation]
  5466 | D:5      | Succumbed to Duvessa's poison

Illustrated notes

Levels and vault maps discovered:
D:1:      psy_arrival_radial01, layout_loops_ring,
          dreamdust_ecumenical_altar_grove, serial_shops,
          nicolae_shop_real_fake_doors, nicolae_shop_gaudy_bauble
D:2:      layout_rooms, serial_curves, eino_curves_02, eino_curves_02,
          eino_curves_01
D:3:      layout_basic, skrybe_limestone_x
D:4:      layout_rooms, minmay_temple_entry_gardened_gates,
          ebering_ghost_reflecting_pool, uniq_eustachio, uniq_crazy_yiuf_cottage
D:5:      layout_layer_cave, uniq_duvessa, uniq_edmund, uniq_prince_ribbit1

Skill      XL: |  1  2  3  4  5  6  7  8 |
---------------+-------------------------+-----
Fighting       | 1 3 |  3.8
Staves         | 1 |  1.8
Translocations | 1 3 4 |  4.0
Spellcasting   | 3 4 |  4.0
Necromancy     | 2 |  2.0
Short Blades   | 1 4 6 |  6.6
Alchemy        | 2 4 |  4.0
Dodging        | |  1.7
Stealth        | |  1.7
Conjurations   | |  4.0

Action                     |  1- 3 |  4- 6 |  7- 9 || total
---------------------------+-------+-------+-------++-------
  Melee: Unarmed           |   109 |       |       ||   109
         Tailslap          |    19 |    24 |    18 ||    61
         Punch             |     4 |     1 |     1 ||     6
         Staff             |    11 |    81 |       ||    92
         Rapier            |       |    49 |   126 ||   175
   Cast: Magic Dart        |    39 |     2 |       ||    41
         Searing Ray       |     4 |    19 |     2 ||    25
         Iskenderun's Myst |       |     1 |       ||     1
  Evoke: Wand              |       |     4 |     5 ||     9
    Use: Scroll            |     6 |     5 |     6 ||    17
         Potion            |       |     1 |     7 ||     8
   Stab: Sleeping          |     3 |     1 |       ||     4
 Armour: Skin              |    74 |   141 |   106 ||   321
  Dodge: Dodged            |    82 |   155 |    74 ||   311
